 Dungeon Crawl Stone Soup version 0.27-a0-899-ge2d0b17c59 (webtiles) character file.

Game seed: 17689825364180051452

6 jestyr24 the Conjurer (level 1, -5/13 HPs)
             Began as a Demonspawn Conjurer on Apr 6, 2021.
             Slain by a goblin
             ... wielding a +0 war axe
              (6 damage)
             ... on level 1 of the Dungeon.
             The game lasted 00:01:32 (197 turns).

jestyr24 the Conjurer (Demonspawn Conjurer)          Turns: 197, Time: 00:01:33

Health: -5/13      AC:  2    Str:  7    XL:     1   Next: 75%
Magic:  2/3        EV: 12    Int: 19    God:
Gold:   0          SH:  0    Dex: 11    Spells: 3/4 levels left

rFire    . . .     SeeInvis .   (no weapon)
rCold    . . .     Faith    .   (no shield)
rNeg     . . .     Spirit   .   a - +0 robe
rPois    .         Reflect  .   (no helmet)
rElec    .         Harm     .   (no cloak)
rCorr    .         Rampage  .   (no gloves)
Will     .....                  (no boots)
Stlth    ++........             (no amulet)
HPRegen  0.04/turn              (no ring)
MPRegen  0.08/turn              (no ring)

@: no status effects
A: no striking features
a: no special abilities


You were on level 1 of the Dungeon.
You visited 1 branch of the dungeon, and saw 1 of its levels.

Inventory:

Armour
 a - a +0 robe (worn)


   Skills:
 + Level 1.9 Dodging
 + Level 1.9 Stealth
 - Level 2.0 Spellcasting
 - Level 4.1 Conjurations


You had 3 spell levels left.
You knew the following spells:

 Your Spells              Type           Power      Damage    Failure   Level
a - Magic Dart            Conj           68%        1d6       3%          1

Your spell library contained the following spells:

 Spells                   Type           Power      Damage    Failure   Level
 Searing Ray              Conj           34%        3d4       4%          2
 Dazzling Flash           Conj/Hex       18%        N/A       22%         3
 Fulminant Prism          Conj/Hex       4%         3d6       56%         4
 Iskenderun's Mystic Bla  Conj/Tloc      9%         2d4       56%         4


Dungeon Overview and Level Annotations

Branches:
Dungeon (1/15)

Altars:
Trog


Message History

The magic dart hits the bat but does no damage.
The bat barely misses you. The bat hits you but does no damage.
The bat hits you but does no damage. The goblin hits you with a +0 war axe.
The bat hits you but does no damage. The bat barely misses you.
The bat hits you but does no damage. The bat hits you.
The bat closely misses you. The bat closely misses you.
The bat barely misses you. The bat hits you but does no damage.
A frilled lizard comes into view.
The bat hits you but does no damage.
The frilled lizard hisses angrily.
The frilled lizard unfolds its giant frill.
The bat hits you. The bat closely misses you.
A hobgoblin comes into view.
The bat hits you but does no damage. The bat completely misses you.
The bat hits you but does no damage. The hobgoblin hits you.
* * * LOW HITPOINT WARNING * * *
The bat closely misses you. The bat misses you.
The hobgoblin closely misses you.
You see here a rat corpse.
The bat hits you but does no damage. The bat barely misses you.
The bat barely misses you. The bat closely misses you.
Things that are here:
a +0 dagger; 5 stones You are too injured to fight recklessly!
You hit the hobgoblin but do no damage. The bat hits you but does no damage.
The hobgoblin closely misses you.
You hit the hobgoblin.
The hobgoblin is lightly wounded.
The goblin barely misses you. The bat closely misses you.
The hobgoblin barely misses you.
You hit the hobgoblin.
The hobgoblin is moderately wounded.
The bat hits you but does no damage. The goblin hits you with a +0 war axe.
You die...

#######.#8.8##
......#.#########
............#.#.. .
..............#.####..
..............#.#....
............_.#.....
####'#...........#
#.#.........g##
#.##.....†..g@#
.!..........l....#
...#........b#.#.#
....#.#.......#.# #
....).........#..
..#.........#.##.^
..........#.# ###
.#.......#..


You could see a hobgoblin, a goblin, a bat and a frilled lizard.

Vanquished Creatures
  A goblin (D:1)
  A kobold (D:1)
  A quokka (D:1)
  A frilled lizard (D:1)
  2 rats (D:1)
6 creatures vanquished.

Notes
Turn   | Place    | Note
-------+----------+-------------------------------------------
     0 | D:1      | jestyr24 the Demonspawn Conjurer began the quest for the
                  | Orb.
     0 | D:1      | Reached XP level 1. HP: 13/13 MP: 3/3
    19 | D:1      | Found a faded altar of an unknown god.
    48 | D:1      | Became a worshipper of Trog the Wrathful
    48 | D:1      | Reached * piety under Trog
    49 | D:1      | Fell from the grace of Trog
   197 | D:1      | Slain by a goblin

Illustrated notes

Levels and vault maps discovered:
D:1:      mrwooster_arrival_statue_2, layout_basic, basic_ecumenical_altar,
          minmay_hexomino_u4

Action                   || total
-------------------------++-------
Melee: Unarmed           ||     9
 Cast: Magic Dart        ||    11
Invok: Renounce Religion ||     1
Armor: Robe              ||    13
Dodge: Dodged            ||    21

Table legend: (Time is in decaauts)
 A = Elapsed time spent in this place.
 B = Non-inter-level travel time spent in this place.
 C = Inter-level travel time spent in this place.
 D = Time resting spent in this place.
 E = Time spent auto-exploring this place.
 F = Levels seen in this place.
 G = Mean time per level.
                   A        B        C        D        E       F      G
               +--------+--------+--------+--------+--------+-----+--------+
         Total |    197 |    197 |      0 |     78 |     40 |   1 |  197.0 |
       Dungeon |    197 |    197 |      0 |     78 |     40 |   1 |  197.0 |
               +--------+--------+--------+--------+--------+-----+--------+

Top non-repeatable levels by time:
     D:1: 197 daAuts
